[ AOE2 MATCH · #469913340 ]
UnrankedSlavs vs Khmer
[ REPLAY ANALYSIS · EXTRACTED FROM THE RECORDED GAME ]
Feudal
10:27
Castle
20:13
Imperial
36:30
| APM avg | 24.9 |
| APM peak | 94 |
| eAPM avg | 20.9 |
| Villagers / military | 146 / 920 |
Focus
⚔️ 58.7% · 🌾 41.3%
Spearman ×556 · Boyar ×123 · Trade Cart ×106 · Scorpion ×89 · Scout Cavalry ×72 · Battering Ram ×33
Feudal
9:02
Castle
17:07
Imperial
33:10
| APM avg | 20.4 |
| APM peak | 44 |
| eAPM avg | 15.9 |
| Villagers / military | 121 / 1485 |
Focus
⚔️ 41.9% · 🌾 58.1%
Huskarl ×994 · Skirmisher ×416 · Trade Cart ×75 · Bombard Cannon ×29 · Mangonel ×24 · Hand Cannoneer ×20
Feudal
12:46
Castle
22:41
Imperial
32:38
| APM avg | 8.4 |
| APM peak | 49 |
| eAPM avg | 5.7 |
| Villagers / military | 77 / 168 |
Focus
⚔️ 48.8% · 🌾 51.2%
Ballista Elephant ×69 · Spearman ×49 · Skirmisher ×43 · Trebuchet (Packed) ×4 · Monk ×2 · Trade Cart ×1
Feudal
10:37
Castle
17:18
Imperial
32:46
| APM avg | 11.4 |
| APM peak | 39 |
| eAPM avg | 11.1 |
| Villagers / military | 240 / 976 |
Focus
⚔️ 44.3% · 🌾 55.7%
Archer ×707 · Spearman ×100 · Skirmisher ×54 · Trade Cart ×48 · War Elephant ×26 · Knight ×25
Feudal
14:08
Castle
21:48
Imperial
36:30
| APM avg | 31.7 |
| APM peak | 90 |
| eAPM avg | 22.2 |
| Villagers / military | 195 / 1875 |
Focus
⚔️ 46.8% · 🌾 53.2%
Spearman ×826 · Samurai ×408 · Skirmisher ×260 · Militia ×250 · Scorpion ×90 · Trebuchet (Packed) ×25
Feudal
10:36
Castle
18:03
Imperial
32:05
| APM avg | 18.4 |
| APM peak | 141 |
| eAPM avg | 10.3 |
| Villagers / military | 116 / 725 |
Focus
⚔️ 51.6% · 🌾 48.4%
Scout Cavalry ×397 · Hand Cannoneer ×302 · Trebuchet (Packed) ×13 · Bombard Cannon ×6 · Monk ×5 · Petard ×1
Match map
Initial resources + every placement click. Lines = walls · curves = elevation contours. ◆ gold · ⬟ stone · ● berries · ✦ relic · ◌ wall gap
Your base· ✓ Closed at 20:13 · 0t walls · 3 gate(s)
Abo Haydar's base· ✓ Closed at 17:07 · 0t walls · 3 gate(s)
Yannis's base· ✓ Closed at 22:41 · 9t walls · 2 gate(s)
DER ENERGIEBERATER's base· ✓ Closed at 17:18 · 0t walls · 2 gate(s)
Ardi-TBA's base· ✓ Closed at 21:48 · 16t walls · 4 gate(s)
Meeting's base· ✓ Closed at 18:03 · 0t walls · 3 gate(s)
Smoothed initial terrain · ◌ = detected wall gap · hover for details
Inputs per minute
— Robert Grigoryan - - Abo Haydar
Build order — Robert Grigoryan
First 150 of 1374 actions detected
| 0:01 | Create | Villager (Male) |
| 0:01 | Create | Villager (Male) |
| 0:01 | Create | Villager (Male) |
| 0:03 | Build | House |
| 0:04 | Build | House |
| 1:08 | Create | Villager (Male) |
| 1:26 | Create | Villager (Male) |
| 1:52 | Create | Villager (Male) |
| 1:53 | Create | Villager (Male) |
| 2:25 | Create | Villager (Male) |
| 2:25 | Create | Villager (Male) |
| 2:40 | Create | Villager (Male) |
| 3:03 | Create | Villager (Male) |
| 3:04 | Create | Villager (Male) |
| 3:25 | Build | House |
| 3:35 | Create | Villager (Male) |
| 3:36 | Create | Villager (Male) |
| 3:58 | Create | Villager (Male) |
| 4:06 | Research | Loom |
| 4:39 | Create | Villager (Male) |
| 4:39 | Create | Villager (Male) |
| 4:57 | Create | Villager (Male) |
| 4:58 | Create | Villager (Male) |
| 5:38 | Build | House |
| 5:57 | Create | Villager (Male) |
| 6:46 | Build | Lumber Camp |
| 7:11 | Build | Mill |
| 7:46 | Create | Villager (Male) |
| 7:46 | Create | Villager (Male) |
| 7:55 | Build | House |
| 8:17 | Research | Feudal Age |
| 10:27 | Age | Feudal Age |
| 10:31 | Research | Double-Bit Axe |
| 10:32 | Research | Horse Collar |
| 10:34 | Create | Villager (Male) |
| 10:34 | Create | Villager (Male) |
| 10:34 | Create | Villager (Male) |
| 10:52 | Create | Villager (Male) |
| 11:04 | Build | Mining Camp |
| 11:28 | Create | Villager (Male) |
| 11:29 | Create | Villager (Male) |
| 12:20 | Build | Mill |
| 12:49 | Create | Villager (Male) |
| 12:50 | Create | Villager (Male) |
| 12:51 | Create | Villager (Male) |
| 13:32 | Build | Market |
| 13:53 | Build | Farm |
| 13:56 | Build | Farm |
| 13:59 | Build | House |
| 14:07 | Build | House |
| 14:18 | Build | Farm |
| 14:21 | Build | Farm |
| 14:45 | Create | Villager (Male) |
| 14:49 | Build | House |
| 14:51 | Build | House |
| 15:04 | Build | Farm |
| 15:12 | Build | Farm |
| 15:24 | Create | Trade Cart |
| 15:35 | Build | Farm |
| 15:38 | Build | Farm |
| 15:41 | Create | Villager (Male) |
| 15:42 | Create | Villager (Male) |
| 16:23 | Create | Villager (Male) |
| 16:27 | Create | Villager (Male) |
| 16:39 | Build | Farm |
| 16:46 | Create | Villager (Male) |
| 16:50 | Build | Blacksmith |
| 17:13 | Create | Villager (Male) |
| 17:25 | Build | Farm |
| 17:28 | Build | Farm |
| 17:32 | Research | Castle Age |
| 17:36 | Build | Farm |
| 17:40 | Create | Trade Cart |
| 17:41 | Create | Trade Cart |
| 18:03 | Build | Mining Camp |
| 18:18 | Create | Trade Cart |
| 20:13 | Age | Castle Age |
| 20:14 | Research | Bow Saw |
| 20:15 | Research | Heavy Plow |
| 20:19 | Build | Town Center |
| 20:23 | Create | Villager (Male) |
| 20:24 | Create | Villager (Male) |
| 20:24 | Create | Villager (Male) |
| 20:24 | Create | Villager (Male) |
| 20:24 | Create | Villager (Male) |
| 20:25 | Create | Villager (Male) |
| 20:26 | Create | Villager (Male) |
| 20:40 | Build | Barracks |
| 20:56 | Research | Scale Mail Armor |
| 20:56 | Research | Forging |
| 20:58 | Create | Villager (Male) |
| 20:58 | Create | Villager (Male) |
| 21:17 | Research | Stone Mining |
| 21:18 | Research | Gold Mining |
| 21:43 | Create | Villager (Male) |
| 21:44 | Create | Villager (Male) |
| 21:44 | Create | Villager (Male) |
| 21:44 | Create | Villager (Male) |
| 22:00 | Build | Town Center |
| 22:05 | Create | Villager (Male) |
| 22:06 | Create | Villager (Male) |
| 22:13 | Build | Farm |
| 22:20 | Create | Militia |
| 22:20 | Create | Militia |
| 22:39 | Create | Trade Cart |
| 22:58 | Create | Villager (Male) |
| 23:00 | Create | Villager (Male) |
| 23:00 | Create | Villager (Male) |
| 23:10 | Build | Farm |
| 23:14 | Build | Farm |
| 23:29 | Build | House |
| 23:30 | Build | House |
| 23:32 | Build | House |
| 23:38 | Research | Wheelbarrow |
| 23:48 | Create | Villager (Male) |
| 23:51 | Create | Villager (Male) |
| 23:59 | Create | Villager (Male) |
| 24:05 | Build | Farm |
| 24:13 | Build | Farm |
| 24:21 | Create | Trade Cart |
| 24:22 | Create | Trade Cart |
| 24:26 | Build | Farm |
| 24:31 | Create | Villager (Male) |
| 24:31 | Create | Villager (Male) |
| 24:32 | Create | Villager (Male) |
| 24:34 | Create | Villager (Male) |
| 24:41 | Create | Militia |
| 24:47 | Create | Trade Cart |
| 24:57 | Create | Villager (Male) |
| 24:58 | Create | Villager (Male) |
| 25:11 | Build | Castle |
| 25:18 | Build | Monastery |
| 25:28 | Build | Monastery |
| 25:34 | Research | Gold Shaft Mining |
| 25:39 | Create | Villager (Male) |
| 25:39 | Create | Villager (Male) |
| 25:39 | Create | Villager (Male) |
| 25:39 | Create | Villager (Male) |
| 25:40 | Create | Villager (Male) |
| 25:46 | Create | Villager (Male) |
| 25:53 | Create | Villager (Male) |
| 26:08 | Build | Farm |
| 26:13 | Build | Farm |
| 26:16 | Create | Monk |
| 26:16 | Create | Monk |
| 26:18 | Research | Man-at-Arms (upgrade) |
| 26:26 | Build | House |
| 26:27 | Build | House |
| 26:34 | Research | Squires |
| 26:46 | Research | Chain Mail Armor |
Build order — Abo Haydar
First 150 of 633 actions detected
| 0:04 | Build | House |
| 0:07 | Research | Loom |
| 0:07 | Create | Villager (Male) |
| 0:08 | Create | Villager (Male) |
| 0:08 | Create | Villager (Male) |
| 0:08 | Create | Villager (Male) |
| 0:21 | Build | House |
| 1:34 | Create | Villager (Male) |
| 2:09 | Create | Villager (Male) |
| 2:09 | Create | Villager (Male) |
| 2:38 | Create | Villager (Male) |
| 2:39 | Create | Villager (Male) |
| 2:56 | Create | Villager (Male) |
| 3:16 | Build | House |
| 3:21 | Create | Villager (Male) |
| 3:37 | Create | Villager (Male) |
| 3:57 | Create | Villager (Male) |
| 4:07 | Create | Villager (Male) |
| 4:09 | Create | Villager (Male) |
| 4:58 | Create | Villager (Male) |
| 4:59 | Create | Villager (Male) |
| 5:35 | Build | Lumber Camp |
| 5:43 | Build | Mill |
| 5:48 | Create | Villager (Male) |
| 5:48 | Create | Villager (Male) |
| 6:52 | Research | Feudal Age |
| 8:00 | Build | House |
| 8:06 | Create | Villager (Male) |
| 8:06 | Create | Villager (Male) |
| 8:07 | Create | Villager (Male) |
| 9:02 | Age | Feudal Age |
| 9:12 | Create | Villager (Male) |
| 9:15 | Create | Villager (Male) |
| 9:18 | Research | Wheelbarrow |
| 9:32 | Build | Mining Camp |
| 9:47 | Research | Double-Bit Axe |
| 10:36 | Build | Mill |
| 10:59 | Build | House |
| 11:16 | Create | Villager (Male) |
| 11:17 | Create | Villager (Male) |
| 11:17 | Create | Villager (Male) |
| 11:18 | Create | Villager (Male) |
| 11:20 | Create | Villager (Male) |
| 11:36 | Build | Market |
| 12:15 | Build | Blacksmith |
| 14:16 | Research | Castle Age |
| 14:54 | Build | Mining Camp |
| 15:03 | Create | Villager (Male) |
| 15:05 | Create | Villager (Male) |
| 15:06 | Create | Villager (Male) |
| 15:10 | Build | House |
| 15:43 | Research | Stone Mining |
| 15:48 | Build | Farm |
| 15:51 | Build | Farm |
| 15:55 | Build | Farm |
| 16:15 | Create | Villager (Male) |
| 16:31 | Build | Farm |
| 16:47 | Create | Villager (Male) |
| 17:07 | Age | Castle Age |
| 17:29 | Build | Town Center |
| 17:41 | Build | House |
| 18:15 | Build | Town Center |
| 18:35 | Research | Gold Mining |
| 18:40 | Create | Villager (Male) |
| 19:09 | Create | Villager (Male) |
| 19:31 | Create | Villager (Male) |
| 19:36 | Create | Villager (Male) |
| 19:36 | Create | Villager (Male) |
| 19:42 | Create | Villager (Male) |
| 20:06 | Build | Farm |
| 20:11 | Build | Farm |
| 20:13 | Build | Farm |
| 20:14 | Build | Farm |
| 20:16 | Build | Farm |
| 20:20 | Create | Villager (Male) |
| 20:20 | Create | Villager (Male) |
| 20:26 | Create | Villager (Male) |
| 20:27 | Create | Villager (Male) |
| 20:46 | Build | Castle |
| 20:52 | Create | Villager (Male) |
| 21:00 | Create | Villager (Male) |
| 21:01 | Create | Villager (Male) |
| 21:05 | Create | Villager (Male) |
| 21:23 | Create | Villager (Male) |
| 21:39 | Create | Villager (Male) |
| 21:43 | Create | Villager (Male) |
| 21:48 | Build | Farm |
| 22:09 | Create | Villager (Male) |
| 22:10 | Create | Villager (Male) |
| 22:14 | Build | Farm |
| 22:23 | Create | Villager (Male) |
| 22:37 | Research | Hand Cart |
| 22:43 | Build | Farm |
| 22:55 | Build | Monastery |
| 23:03 | Research | Bow Saw |
| 23:07 | Build | Farm |
| 23:11 | Create | Villager (Male) |
| 23:24 | Build | Mining Camp |
| 23:27 | Create | Huskarl |
| 23:34 | Build | Farm |
| 23:39 | Create | Villager (Male) |
| 23:56 | Build | Farm |
| 23:57 | Build | Farm |
| 23:59 | Create | Villager (Male) |
| 24:02 | Create | Villager (Male) |
| 24:08 | Build | Farm |
| 24:10 | Build | Farm |
| 24:12 | Build | Farm |
| 24:22 | Build | Farm |
| 24:23 | Build | Farm |
| 24:25 | Build | Farm |
| 24:29 | Create | Villager (Male) |
| 24:30 | Create | Villager (Male) |
| 24:41 | Create | Villager (Male) |
| 24:42 | Create | Villager (Male) |
| 24:43 | Create | Villager (Male) |
| 24:43 | Create | Villager (Male) |
| 24:45 | Create | Villager (Male) |
| 24:49 | Create | Villager (Male) ×4 |
| 24:57 | Create | Monk |
| 25:15 | Build | Farm |
| 25:16 | Build | Farm |
| 25:17 | Build | Farm |
| 25:24 | Create | Villager (Male) |
| 25:25 | Create | Villager (Male) |
| 25:28 | Create | Villager (Male) |
| 25:28 | Create | Villager (Male) |
| 25:31 | Create | Huskarl |
| 25:39 | Create | Villager (Male) |
| 25:50 | Research | Horse Collar |
| 25:59 | Build | House |
| 26:07 | Build | House |
| 26:08 | Build | House |
| 26:10 | Build | House |
| 26:11 | Build | House |
| 26:14 | Build | House |
| 26:16 | Build | House |
| 26:17 | Build | House |
| 26:18 | Build | House |
| 26:28 | Build | Farm |
| 26:32 | Create | Villager (Male) |
| 26:37 | Create | Huskarl |
| 26:37 | Create | Villager (Male) |
| 26:43 | Create | Monk |
| 27:10 | Build | Mining Camp |
| 27:12 | Research | Stone Shaft Mining |
| 27:19 | Create | Villager (Male) |
| 27:22 | Create | Villager (Male) |
| 27:23 | Create | Villager (Male) |
| 27:23 | Create | Villager (Male) |
Build order — Yannis
First 150 of 363 actions detected
| 0:03 | Create | Villager (Male) |
| 0:05 | Research | Loom |
| 0:17 | Build | House |
| 0:18 | Build | House |
| 0:19 | Build | House |
| 0:21 | Build | House |
| 0:51 | Create | Villager (Male) |
| 0:52 | Create | Villager (Male) |
| 0:52 | Create | Villager (Male) |
| 0:52 | Create | Villager (Male) |
| 2:12 | Create | Villager (Male) |
| 2:26 | Create | Villager (Male) |
| 3:01 | Create | Villager (Male) |
| 3:40 | Build | Mill |
| 3:43 | Create | Villager (Male) |
| 3:54 | Create | Villager (Male) |
| 4:19 | Create | Villager (Male) |
| 4:54 | Create | Villager (Male) |
| 4:55 | Create | Villager (Male) |
| 5:32 | Create | Villager (Male) |
| 6:03 | Create | Villager (Male) |
| 6:03 | Create | Villager (Male) |
| 6:25 | Create | Villager (Male) |
| 6:35 | Build | Lumber Camp |
| 6:54 | Create | Villager (Male) |
| 7:37 | Create | Villager (Male) |
| 8:13 | Create | Villager (Male) |
| 8:25 | Build | House |
| 8:45 | Create | Villager (Male) |
| 8:59 | Build | Mining Camp |
| 9:11 | Create | Villager (Male) |
| 9:21 | Build | House |
| 9:47 | Build | Mining Camp |
| 9:58 | Create | Villager (Male) |
| 10:05 | Build | House |
| 10:36 | Research | Feudal Age |
| 10:49 | Build | Barracks |
| 11:30 | Create | Villager (Male) |
| 11:30 | Create | Villager (Male) |
| 12:42 | Create | Villager (Male) |
| 12:42 | Create | Villager (Male) |
| 12:46 | Age | Feudal Age |
| 12:55 | Create | Villager (Male) |
| 13:22 | Build | Blacksmith |
| 13:27 | Create | Spearman |
| 13:27 | Create | Spearman |
| 13:27 | Create | Spearman |
| 13:31 | Create | Villager (Male) |
| 13:35 | Research | Double-Bit Axe |
| 14:25 | Build | Palisade Wall |
| 14:27 | Build | Palisade Wall |
| 14:28 | Build | Palisade Wall |
| 14:29 | Build | Palisade Wall |
| 14:31 | Build | Palisade Wall |
| 14:41 | Create | Villager (Male) |
| 14:41 | Create | Villager (Male) |
| 14:52 | Build | Farm |
| 14:58 | Build | Farm |
| 15:12 | Build | House |
| 15:13 | Build | House |
| 15:14 | Build | House |
| 15:16 | Build | House |
| 15:23 | Build | Farm |
| 15:30 | Build | Farm |
| 15:38 | Build | Farm |
| 15:40 | Research | Horse Collar |
| 15:50 | Build | Farm |
| 15:59 | Build | Farm |
| 16:07 | Build | Farm |
| 16:14 | Build | Farm |
| 16:29 | Build | Palisade Wall |
| 16:30 | Build | Palisade Wall |
| 16:31 | Build | Palisade Wall |
| 16:32 | Build | Palisade Wall |
| 16:41 | Create | Villager (Male) |
| 16:41 | Create | Villager (Male) |
| 16:41 | Create | Villager (Male) |
| 16:59 | Create | Villager (Male) |
| 17:19 | Build | Archery Range |
| 17:31 | Build | Mill |
| 17:39 | Build | Farm |
| 17:42 | Create | Villager (Male) |
| 17:42 | Create | Villager (Male) |
| 17:47 | Build | House |
| 17:49 | Build | House |
| 17:50 | Build | House |
| 17:59 | Build | Farm |
| 18:13 | Build | Farm |
| 18:21 | Build | Farm |
| 18:39 | Create | Villager (Male) |
| 18:49 | Create | Skirmisher |
| 18:58 | Create | Villager (Male) |
| 19:18 | Build | Farm |
| 19:38 | Build | Market |
| 19:55 | Build | Mining Camp |
| 19:59 | Research | Castle Age |
| 20:18 | Build | House |
| 20:19 | Build | House |
| 20:20 | Build | House |
| 20:21 | Build | House |
| 20:22 | Build | House |
| 20:28 | Create | Skirmisher |
| 20:29 | Create | Skirmisher |
| 20:29 | Create | Skirmisher |
| 20:49 | Research | Scale Mail Armor |
| 20:50 | Research | Padded Archer Armor |
| 20:51 | Research | Fletching |
| 20:57 | Create | Skirmisher |
| 20:57 | Create | Skirmisher |
| 20:57 | Create | Skirmisher |
| 21:00 | Create | Spearman |
| 21:01 | Create | Spearman |
| 21:53 | Build | House |
| 21:54 | Build | House |
| 21:59 | Create | Villager (Male) |
| 21:59 | Create | Villager (Male) |
| 22:04 | Create | Spearman |
| 22:05 | Create | Spearman |
| 22:08 | Create | Skirmisher |
| 22:08 | Create | Skirmisher |
| 22:28 | Create | Villager (Male) |
| 22:32 | Create | Spearman |
| 22:41 | Age | Castle Age |
| 22:43 | Create | Villager (Male) |
| 22:43 | Create | Villager (Male) |
| 22:59 | Research | Forging |
| 23:03 | Create | Villager (Male) |
| 23:04 | Create | Villager (Male) |
| 23:14 | Build | Town Center |
| 23:27 | Build | Town Center |
| 23:33 | Create | Villager (Male) |
| 23:33 | Create | Villager (Male) |
| 23:39 | Build | Castle |
| 24:01 | Research | Bow Saw |
| 24:13 | Research | Gold Mining |
| 24:17 | Research | Elite Skirmisher (upgrade) |
| 24:32 | Build | University |
| 24:46 | Create | Villager (Male) |
| 24:58 | Create | Spearman |
| 24:59 | Create | Spearman |
| 24:59 | Research | Pikeman (upgrade) |
| 25:19 | Build | Farm |
| 25:24 | Research | Heavy Plow |
| 25:29 | Create | Villager (Male) |
| 25:29 | Create | Villager (Male) |
| 25:29 | Create | Villager (Male) |
| 25:45 | Build | Farm |
| 26:10 | Build | Farm |
| 26:19 | Create | Villager (Male) |
| 26:27 | Build | Farm |
Build order — DER ENERGIEBERATER
First 150 of 818 actions detected
| 0:03 | Create | Villager (Male) |
| 0:03 | Create | Villager (Male) |
| 0:03 | Create | Villager (Male) |
| 0:03 | Create | Villager (Male) |
| 0:04 | Create | Villager (Male) |
| 0:04 | Create | Villager (Male) |
| 0:06 | Build | House |
| 0:08 | Build | House |
| 1:45 | Create | Villager (Male) |
| 2:00 | Create | Villager (Male) |
| 2:13 | Build | Mill |
| 2:16 | Build | House |
| 2:33 | Create | Villager (Male) |
| 3:03 | Create | Villager (Male) |
| 3:18 | Create | Villager (Male) |
| 3:42 | Create | Villager (Male) |
| 3:59 | Build | House |
| 4:16 | Create | Villager (Male) |
| 4:17 | Create | Villager (Male) |
| 4:43 | Create | Villager (Male) |
| 4:57 | Create | Villager (Male) |
| 5:01 | Create | Villager (Male) |
| 5:23 | Create | Villager (Male) |
| 5:53 | Create | Villager (Male) |
| 5:56 | Create | Villager (Male) |
| 6:25 | Create | Villager (Male) |
| 6:26 | Create | Villager (Male) |
| 6:38 | Build | Lumber Camp |
| 6:51 | Create | Villager (Male) |
| 6:54 | Create | Villager (Male) |
| 7:01 | Build | House |
| 7:03 | Build | House |
| 8:34 | Research | Feudal Age |
| 8:40 | Build | Mining Camp |
| 8:57 | Create | Villager (Male) |
| 8:57 | Create | Villager (Male) |
| 8:58 | Create | Villager (Male) |
| 8:58 | Create | Villager (Male) |
| 9:10 | Create | Villager (Male) |
| 10:08 | Create | Villager (Male) |
| 10:08 | Create | Villager (Male) |
| 10:08 | Create | Villager (Male) |
| 10:08 | Create | Villager (Male) |
| 10:09 | Create | Villager (Male) |
| 10:09 | Create | Villager (Male) |
| 10:09 | Create | Villager (Male) |
| 10:31 | Research | Loom |
| 10:37 | Age | Feudal Age |
| 11:05 | Build | Mining Camp |
| 11:20 | Build | House |
| 11:22 | Build | House |
| 11:29 | Build | Market |
| 11:33 | Build | Blacksmith |
| 12:08 | Build | Farm |
| 12:31 | Build | Farm |
| 12:44 | Build | Farm |
| 13:01 | Research | Double-Bit Axe |
| 13:27 | Build | Farm |
| 13:40 | Build | Farm |
| 13:52 | Build | Farm |
| 14:12 | Build | Farm |
| 14:20 | Build | Farm |
| 14:37 | Build | Farm |
| 14:52 | Research | Castle Age |
| 15:12 | Build | Farm |
| 15:13 | Build | Farm |
| 15:14 | Build | Farm |
| 15:16 | Build | Farm |
| 15:40 | Build | Farm |
| 15:54 | Create | Villager (Male) |
| 15:54 | Create | Villager (Male) |
| 15:55 | Create | Villager (Male) |
| 15:55 | Create | Villager (Male) |
| 15:55 | Create | Villager (Male) |
| 16:05 | Build | House |
| 16:12 | Build | Barracks |
| 16:24 | Research | Stone Mining |
| 16:56 | Research | Horse Collar |
| 17:03 | Create | Villager (Male) |
| 17:03 | Create | Villager (Male) |
| 17:03 | Create | Villager (Male) |
| 17:05 | Create | Villager (Male) |
| 17:15 | Create | Villager (Male) |
| 17:18 | Age | Castle Age |
| 17:39 | Create | Villager (Male) |
| 17:41 | Create | Villager (Male) |
| 18:02 | Build | Town Center |
| 18:18 | Build | Farm |
| 18:25 | Research | Heavy Plow |
| 18:50 | Research | Bow Saw |
| 19:26 | Build | Castle |
| 19:31 | Build | Mill |
| 19:38 | Research | Fletching |
| 19:43 | Create | Villager (Male) |
| 19:44 | Create | Villager (Male) |
| 19:44 | Create | Villager (Male) |
| 19:44 | Create | Villager (Male) |
| 20:02 | Create | Villager (Male) |
| 20:07 | Create | Villager (Male) |
| 20:18 | Build | Castle |
| 20:25 | Build | House |
| 20:32 | Build | House |
| 21:06 | Research | Bodkin Arrow |
| 21:13 | Create | Villager (Male) |
| 21:14 | Create | Villager (Male) |
| 21:14 | Create | Villager (Male) |
| 21:26 | Build | Farm |
| 21:27 | Build | Farm |
| 21:28 | Build | Farm |
| 21:29 | Build | Farm |
| 21:36 | Create | Villager (Male) |
| 21:37 | Create | Villager (Male) |
| 21:37 | Create | Villager (Male) |
| 21:46 | Create | Villager (Male) |
| 21:46 | Create | Villager (Male) |
| 21:55 | Create | Villager (Male) |
| 22:22 | Create | Villager (Male) |
| 22:23 | Create | Villager (Male) |
| 23:43 | Create | Villager (Male) |
| 23:44 | Create | Villager (Male) |
| 23:44 | Create | Villager (Male) |
| 23:44 | Create | Villager (Male) |
| 23:50 | Create | Villager (Male) |
| 23:51 | Create | Villager (Male) |
| 23:51 | Create | Villager (Male) |
| 23:52 | Create | Villager (Male) |
| 23:52 | Create | Villager (Male) |
| 23:52 | Create | Villager (Male) |
| 23:53 | Create | Villager (Male) |
| 23:53 | Create | Villager (Male) |
| 23:59 | Build | Farm |
| 24:00 | Build | Farm |
| 24:01 | Build | Farm |
| 24:02 | Build | Farm |
| 24:03 | Build | Farm |
| 24:04 | Build | Farm |
| 24:05 | Build | Farm |
| 24:18 | Research | Wheelbarrow |
| 24:47 | Build | University |
| 24:52 | Research | Gold Mining |
| 24:58 | Research | Stone Shaft Mining |
| 26:02 | Create | Villager (Male) |
| 26:02 | Create | Villager (Male) |
| 26:02 | Create | Villager (Male) |
| 26:03 | Create | Villager (Male) |
| 26:03 | Create | Villager (Male) |
| 26:04 | Create | Villager (Male) |
| 26:04 | Create | Villager (Male) |
| 26:04 | Create | Villager (Male) |
| 26:04 | Create | Villager (Male) |
Build order — Ardi-TBA
First 150 of 1018 actions detected
| 0:02 | Create | Villager (Male) |
| 0:03 | Create | Villager (Male) |
| 0:06 | Build | House |
| 0:10 | Build | House |
| 0:17 | Build | House |
| 0:29 | Create | Villager (Male) |
| 0:37 | Create | Villager (Male) |
| 0:37 | Create | Villager (Male) |
| 1:38 | Create | Villager (Male) |
| 1:38 | Create | Villager (Male) |
| 1:57 | Build | Lumber Camp |
| 2:09 | Create | Villager (Male) |
| 2:34 | Create | Villager (Male) |
| 2:34 | Create | Villager (Male) |
| 2:35 | Create | Villager (Male) |
| 3:01 | Create | Villager (Male) |
| 3:01 | Create | Villager (Male) |
| 3:15 | Create | Villager (Male) |
| 3:15 | Create | Villager (Male) |
| 3:15 | Create | Villager (Male) |
| 3:39 | Create | Villager (Male) |
| 4:04 | Build | House |
| 4:06 | Build | House |
| 4:07 | Build | House |
| 4:10 | Build | House |
| 4:18 | Create | Villager (Male) |
| 4:18 | Create | Villager (Male) |
| 4:47 | Create | Villager (Male) |
| 4:47 | Create | Villager (Male) |
| 4:48 | Create | Villager (Male) |
| 4:52 | Build | Mill |
| 5:19 | Create | Villager (Male) |
| 5:20 | Create | Villager (Male) |
| 5:51 | Build | Palisade Gate |
| 5:57 | Build | House |
| 6:03 | Create | Villager (Male) |
| 6:04 | Create | Villager (Male) |
| 6:04 | Create | Villager (Male) |
| 6:04 | Create | Villager (Male) |
| 6:28 | Create | Villager (Male) |
| 6:29 | Create | Villager (Male) |
| 6:37 | Create | Villager (Male) |
| 6:43 | Build | Mill |
| 7:05 | Create | Villager (Male) |
| 7:05 | Create | Villager (Male) |
| 7:24 | Create | Villager (Male) |
| 7:41 | Create | Villager (Male) |
| 7:41 | Create | Villager (Male) |
| 8:02 | Create | Villager (Male) |
| 8:02 | Create | Villager (Male) |
| 8:20 | Create | Villager (Male) |
| 8:52 | Create | Villager (Male) |
| 9:14 | Build | Lumber Camp |
| 9:16 | Create | Villager (Male) |
| 9:16 | Create | Villager (Male) |
| 9:54 | Build | Mill |
| 10:30 | Build | Mining Camp |
| 10:39 | Research | Loom |
| 10:43 | Create | Villager (Male) |
| 10:44 | Create | Villager (Male) |
| 10:44 | Research | Feudal Age |
| 10:58 | Build | Outpost |
| 10:59 | Build | Outpost |
| 12:13 | Build | Outpost |
| 12:16 | Build | Outpost |
| 12:29 | Build | Barracks |
| 12:33 | Create | Villager (Male) |
| 12:33 | Create | Villager (Male) |
| 12:43 | Build | Mining Camp |
| 13:24 | Build | Outpost |
| 13:42 | Build | House |
| 13:43 | Build | House |
| 13:45 | Build | House |
| 13:46 | Build | House |
| 13:47 | Build | House |
| 13:48 | Build | House |
| 14:08 | Age | Feudal Age |
| 14:10 | Build | Market |
| 14:14 | Research | Double-Bit Axe |
| 14:15 | Create | Villager (Male) |
| 14:16 | Create | Villager (Male) |
| 14:22 | Create | Villager (Male) |
| 14:22 | Create | Villager (Male) |
| 14:32 | Build | Blacksmith |
| 14:35 | Create | Villager (Male) |
| 14:36 | Create | Villager (Male) |
| 14:58 | Create | Villager (Male) |
| 15:03 | Build | Farm |
| 15:04 | Build | Farm |
| 15:07 | Create | Villager (Male) |
| 15:07 | Create | Villager (Male) |
| 15:32 | Build | Farm |
| 15:35 | Create | Villager (Male) |
| 15:56 | Build | Watch Tower |
| 15:58 | Build | Stone Wall |
| 15:59 | Build | Stone Wall |
| 16:00 | Build | Stone Wall |
| 16:01 | Build | Stone Wall |
| 16:01 | Build | Stone Wall |
| 16:02 | Build | Stone Wall |
| 16:03 | Build | Stone Wall |
| 16:04 | Build | Stone Wall |
| 16:07 | Build | Mining Camp |
| 16:11 | Create | Villager (Male) |
| 16:12 | Create | Villager (Male) |
| 16:19 | Build | Farm |
| 16:20 | Build | Farm |
| 16:22 | Build | Farm |
| 16:27 | Build | Farm |
| 16:44 | Build | Mill |
| 17:00 | Build | Farm |
| 17:02 | Create | Villager (Male) |
| 17:11 | Build | Farm |
| 18:00 | Build | Farm |
| 18:04 | Create | Villager (Male) |
| 18:15 | Research | Castle Age |
| 18:41 | Build | House |
| 18:44 | Build | House |
| 18:46 | Build | House |
| 18:54 | Build | Farm |
| 19:15 | Build | Farm |
| 20:00 | Build | Watch Tower |
| 20:02 | Build | Stone Wall |
| 20:03 | Build | Stone Wall |
| 20:03 | Build | Stone Wall |
| 20:04 | Build | Stone Wall |
| 20:05 | Build | Stone Wall |
| 20:06 | Build | Stone Wall |
| 20:07 | Build | Stone Wall |
| 20:07 | Build | Stone Wall |
| 20:10 | Build | Mining Camp |
| 20:24 | Build | Outpost |
| 20:26 | Build | Outpost |
| 20:38 | Research | Fletching |
| 21:19 | Build | Barracks |
| 21:20 | Build | Barracks |
| 21:22 | Build | Barracks |
| 21:24 | Build | Barracks |
| 21:48 | Age | Castle Age |
| 21:53 | Build | Castle |
| 22:03 | Build | Town Center |
| 22:10 | Build | Town Center |
| 22:14 | Research | Bow Saw |
| 22:16 | Create | Villager (Male) |
| 22:16 | Create | Villager (Male) |
| 22:19 | Research | Wheelbarrow |
| 22:19 | Create | Villager (Male) |
| 22:20 | Create | Villager (Male) |
| 23:06 | Build | Monastery |
| 23:13 | Build | University |
Build order — Meeting
First 150 of 461 actions detected
| 0:10 | Build | House |
| 0:12 | Build | House |
| 0:15 | Build | House |
| 0:17 | Create | Villager (Male) |
| 0:18 | Create | Villager (Male) |
| 0:21 | Create | Villager (Male) |
| 0:21 | Create | Villager (Male) |
| 0:21 | Create | Villager (Male) |
| 0:21 | Create | Villager (Male) |
| 1:38 | Create | Villager (Male) |
| 2:01 | Create | Villager (Male) |
| 2:29 | Create | Villager (Male) |
| 2:57 | Create | Villager (Male) |
| 3:21 | Create | Villager (Male) |
| 3:47 | Create | Villager (Male) |
| 4:26 | Create | Villager (Male) |
| 4:41 | Create | Villager (Male) |
| 4:58 | Build | Mill |
| 4:59 | Create | Villager (Male) |
| 5:10 | Create | Villager (Male) |
| 5:43 | Create | Villager (Male) |
| 6:06 | Build | Lumber Camp |
| 6:16 | Create | Villager (Male) |
| 6:20 | Create | Villager (Male) |
| 6:38 | Create | Villager (Male) |
| 6:49 | Build | House |
| 7:12 | Create | Villager (Male) |
| 7:47 | Build | Barracks |
| 7:55 | Build | House |
| 8:00 | Research | Loom |
| 8:11 | Research | Feudal Age |
| 8:33 | Build | Lumber Camp |
| 8:56 | Build | House |
| 9:26 | Build | House |
| 10:36 | Age | Feudal Age |
| 10:41 | Build | Stable |
| 10:49 | Build | Blacksmith |
| 11:02 | Create | Villager (Male) |
| 11:02 | Create | Villager (Male) |
| 11:11 | Create | Villager (Male) |
| 11:11 | Create | Villager (Male) |
| 11:32 | Build | Mining Camp |
| 11:33 | Create | Villager (Male) |
| 12:18 | Create | Villager (Male) |
| 12:22 | Create | Villager (Male) |
| 12:33 | Create | Scout Cavalry |
| 12:47 | Create | Villager (Male) |
| 12:53 | Build | Mining Camp |
| 12:59 | Build | Farm |
| 12:59 | Build | Farm |
| 13:03 | Build | Farm |
| 13:04 | Build | Farm |
| 13:18 | Build | Farm |
| 13:33 | Build | Farm |
| 14:22 | Build | Farm |
| 14:34 | Build | Farm |
| 14:52 | Create | Villager (Male) |
| 15:23 | Research | Castle Age |
| 15:30 | Build | Farm |
| 15:32 | Build | Farm |
| 16:38 | Build | Farm |
| 16:41 | Build | Farm |
| 16:45 | Build | Farm |
| 16:53 | Research | Double-Bit Axe |
| 16:56 | Research | Horse Collar |
| 16:56 | Research | Horse Collar |
| 16:57 | Research | Horse Collar |
| 17:33 | Create | Scout Cavalry |
| 18:03 | Age | Castle Age |
| 18:07 | Build | Town Center |
| 18:38 | Build | Town Center |
| 18:43 | Create | Villager (Male) |
| 18:43 | Create | Villager (Male) |
| 18:57 | Create | Villager (Male) ×5 |
| 19:16 | Create | Scout Cavalry |
| 20:06 | Build | Monastery |
| 20:47 | Create | Villager (Male) |
| 20:47 | Create | Villager (Male) |
| 20:53 | Create | Villager (Male) |
| 20:53 | Create | Villager (Male) |
| 20:55 | Create | Villager (Male) |
| 20:55 | Create | Villager (Male) |
| 20:57 | Create | Villager (Male) |
| 21:01 | Create | Monk |
| 21:06 | Create | Monk |
| 21:12 | Build | House |
| 21:24 | Build | Stone Wall |
| 21:31 | Build | Gate |
| 21:35 | Create | Villager (Male) ×5 |
| 21:59 | Build | Farm |
| 22:00 | Build | Farm |
| 22:00 | Build | Farm |
| 22:00 | Build | Farm |
| 22:00 | Build | Farm |
| 22:00 | Build | Farm |
| 22:01 | Build | Farm |
| 22:01 | Build | Farm |
| 22:01 | Build | Farm |
| 22:10 | Create | Villager (Male) ×5 |
| 22:39 | Research | Wheelbarrow |
| 22:39 | Create | Villager (Male) ×5 |
| 22:49 | Build | House |
| 22:52 | Build | House |
| 22:54 | Build | House |
| 23:00 | Create | Villager (Male) ×5 |
| 23:22 | Build | Farm |
| 23:22 | Build | Farm |
| 23:23 | Build | Farm |
| 23:43 | Build | Farm |
| 23:51 | Build | Farm |
| 23:52 | Build | Farm |
| 23:52 | Build | Farm |
| 23:52 | Build | Farm |
| 23:52 | Build | Farm |
| 23:53 | Build | Farm |
| 23:53 | Build | Farm |
| 23:53 | Build | Farm |
| 23:54 | Build | Farm |
| 23:54 | Build | Farm |
| 23:54 | Build | Farm |
| 23:55 | Build | Farm |
| 23:55 | Build | Farm |
| 23:55 | Build | Farm |
| 23:55 | Build | Farm |
| 23:56 | Build | Farm |
| 23:58 | Create | Villager (Male) ×5 |
| 24:08 | Build | House |
| 24:10 | Build | House |
| 24:11 | Build | House |
| 24:26 | Build | Palisade Wall |
| 24:30 | Create | Villager (Male) ×5 |
| 25:04 | Build | Farm |
| 25:04 | Build | Farm |
| 25:04 | Build | Farm |
| 25:04 | Build | Farm |
| 25:16 | Create | Villager (Male) ×5 |
| 25:41 | Build | Castle |
| 25:59 | Research | Hand Cart |
| 26:01 | Create | Villager (Male) ×5 |
| 26:48 | Build | Mill |
| 26:50 | Create | Villager (Male) ×5 |
| 27:03 | Research | Gold Mining |
| 27:03 | Research | Stone Mining |
| 27:13 | Research | Stone Mining |
| 27:13 | Research | Stone Mining |
| 27:13 | Research | Stone Mining |
| 27:49 | Research | Bow Saw |
| 27:52 | Research | Heavy Plow |
| 27:52 | Research | Heavy Plow |
| 27:53 | Research | Heavy Plow |
Match timeline
| 7:47 | Meeting · first_building Barracks |
| 9:02 | Abo Haydar · age_up feudal |
| 10:27 | Robert Grigoryan · age_up feudal |
| 10:36 | Meeting · age_up feudal |
| 10:37 | DER ENERGIEBERATER · age_up feudal |
| 10:41 | Meeting · first_building Stable |
| 10:49 | Yannis · first_building Barracks |
| 12:29 | Ardi-TBA · first_building Barracks |
| 12:46 | Yannis · age_up feudal |
| 13:06 | Abo Haydar · first_market_buy 100 food |
| 13:09 | Abo Haydar · first_market_sell 100 wood |
| 14:08 | Ardi-TBA · age_up feudal |
| 14:25 | Yannis · wall_segment Palisade Wall x1 |
| 14:27 | Yannis · wall_segment Palisade Wall x1 |
| 14:28 | Yannis · wall_segment Palisade Wall x1 |
| 14:29 | Yannis · wall_segment Palisade Wall x1 |
| 14:31 | Yannis · wall_segment Palisade Wall x1 |
| 15:58 | Ardi-TBA · wall_segment Stone Wall x1 |
| 15:59 | Ardi-TBA · wall_segment Stone Wall x1 |
| 16:00 | Ardi-TBA · wall_segment Stone Wall x1 |
| 16:01 | Ardi-TBA · wall_segment Stone Wall x1 |
| 16:01 | Ardi-TBA · wall_segment Stone Wall x1 |
| 16:02 | Ardi-TBA · wall_segment Stone Wall x1 |
| 16:03 | Ardi-TBA · wall_segment Stone Wall x1 |
| 16:04 | Ardi-TBA · wall_segment Stone Wall x1 |
| 16:12 | DER ENERGIEBERATER · first_building Barracks |
| 16:29 | Yannis · wall_segment Palisade Wall x1 |
| 16:30 | Yannis · wall_segment Palisade Wall x1 |
| 16:31 | Yannis · wall_segment Palisade Wall x1 |
| 16:32 | Yannis · wall_segment Palisade Wall x1 |
| 17:07 | Abo Haydar · age_up castle |
| 17:18 | DER ENERGIEBERATER · age_up castle |
| 17:19 | Yannis · first_building Archery Range |
| 18:03 | Meeting · age_up castle |
| 19:26 | DER ENERGIEBERATER · first_building Castle |
| 20:02 | Ardi-TBA · wall_segment Stone Wall x1 |
| 20:03 | Ardi-TBA · wall_segment Stone Wall x1 |
| 20:03 | Ardi-TBA · wall_segment Stone Wall x1 |
| 20:04 | Ardi-TBA · wall_segment Stone Wall x1 |
| 20:05 | Ardi-TBA · wall_segment Stone Wall x1 |
| 20:06 | Meeting · first_building Monastery |
| 20:06 | Ardi-TBA · wall_segment Stone Wall x1 |
| 20:07 | Ardi-TBA · wall_segment Stone Wall x1 |
| 20:07 | Ardi-TBA · wall_segment Stone Wall x1 |
| 20:13 | Robert Grigoryan · age_up castle |
| 20:40 | Robert Grigoryan · first_building Barracks |
| 20:46 | Abo Haydar · first_building Castle |
| 21:24 | Meeting · wall_segment Stone Wall x4 |
| 21:48 | Ardi-TBA · age_up castle |
| 21:53 | Ardi-TBA · first_building Castle |
| 22:41 | Yannis · age_up castle |
| 22:55 | Abo Haydar · first_building Monastery |
| 23:06 | Ardi-TBA · first_building Monastery |
| 23:39 | Yannis · first_building Castle |
| 24:26 | Meeting · wall_segment Palisade Wall x2 |
| 25:11 | Robert Grigoryan · first_building Castle |
| 25:18 | Robert Grigoryan · first_building Monastery |
| 25:41 | Meeting · first_building Castle |
| 29:00 | Yannis · first_building Monastery |
| 29:32 | DER ENERGIEBERATER · first_market_sell 100 wood |
| 29:36 | DER ENERGIEBERATER · first_market_buy 100 food |
| 30:27 | Abo Haydar · first_building Barracks |
| 31:09 | Abo Haydar · first_building Siege Workshop |
| 31:23 | Yannis · first_building Siege Workshop |
| 31:30 | Meeting · first_building Archery Range |
| 31:36 | Robert Grigoryan · first_building Siege Workshop |
| 32:05 | Meeting · age_up imperial |
| 32:38 | Yannis · age_up imperial |
| 32:46 | DER ENERGIEBERATER · age_up imperial |
| 33:10 | Abo Haydar · age_up imperial |
| 33:14 | Ardi-TBA · first_market_buy 100 food |
| 36:30 | Ardi-TBA · age_up imperial |
| 36:30 | Robert Grigoryan · age_up imperial |
| 36:41 | DER ENERGIEBERATER · first_building Stable |
| 37:11 | Yannis · first_market_sell 100 food |
| 39:09 | Ardi-TBA · wall_segment Palisade Wall x14 |
| 39:09 | Ardi-TBA · wall_segment Palisade Wall x10 |
| 39:09 | Ardi-TBA · wall_segment Palisade Wall x38 |
| 39:10 | Ardi-TBA · wall_segment Palisade Wall x22 |
| 39:10 | Ardi-TBA · wall_segment Palisade Wall x15 |
| 39:10 | Ardi-TBA · wall_segment Palisade Wall x48 |
| 39:11 | Ardi-TBA · wall_segment Palisade Wall x8 |
| 39:11 | Ardi-TBA · wall_segment Palisade Wall x27 |
| 39:11 | Ardi-TBA · wall_segment Palisade Wall x35 |
| 39:11 | Ardi-TBA · wall_segment Palisade Wall x22 |
| 39:12 | Ardi-TBA · wall_segment Palisade Wall x39 |
| 39:12 | Ardi-TBA · wall_segment Palisade Wall x17 |
| 39:12 | Ardi-TBA · wall_segment Palisade Wall x35 |
| 39:13 | Ardi-TBA · wall_segment Palisade Wall x24 |
| 39:14 | Ardi-TBA · wall_segment Palisade Wall x23 |
| 39:14 | Ardi-TBA · wall_segment Palisade Wall x20 |
| 39:14 | Ardi-TBA · wall_segment Palisade Wall x21 |
| 39:15 | Ardi-TBA · wall_segment Palisade Wall x6 |
| 39:15 | Ardi-TBA · wall_segment Palisade Wall x16 |
| 39:15 | Ardi-TBA · wall_segment Palisade Wall x31 |
| 39:16 | Ardi-TBA · wall_segment Palisade Wall x24 |
| 39:16 | Ardi-TBA · wall_segment Palisade Wall x38 |
| 39:16 | Ardi-TBA · wall_segment Palisade Wall x25 |
| 39:16 | Ardi-TBA · wall_segment Palisade Wall x42 |
| 39:17 | Ardi-TBA · wall_segment Palisade Wall x22 |
| 39:17 | Ardi-TBA · wall_segment Palisade Wall x37 |
| 39:17 | Ardi-TBA · wall_segment Palisade Wall x34 |
| 39:18 | Ardi-TBA · wall_segment Palisade Wall x46 |
| 39:18 | Ardi-TBA · wall_segment Palisade Wall x49 |
| 39:18 | Ardi-TBA · wall_segment Palisade Wall x31 |
| 39:19 | Ardi-TBA · wall_segment Palisade Wall x3 |
| 39:19 | Ardi-TBA · wall_segment Palisade Wall x29 |
| 39:20 | Ardi-TBA · wall_segment Palisade Wall x20 |
| 39:20 | Ardi-TBA · wall_segment Palisade Wall x34 |
| 39:20 | Ardi-TBA · wall_segment Palisade Wall x39 |
| 39:22 | Ardi-TBA · wall_segment Palisade Wall x13 |
| 39:22 | Ardi-TBA · wall_segment Palisade Wall x20 |
| 39:23 | Ardi-TBA · wall_segment Palisade Wall x21 |
| 39:23 | Ardi-TBA · wall_segment Palisade Wall x22 |
| 39:23 | Ardi-TBA · wall_segment Palisade Wall x16 |
| 39:23 | Ardi-TBA · wall_segment Palisade Wall x31 |
| 39:24 | Ardi-TBA · wall_segment Palisade Wall x37 |
| 39:24 | Ardi-TBA · wall_segment Palisade Wall x15 |
| 39:24 | Ardi-TBA · wall_segment Palisade Wall x25 |
| 39:25 | Ardi-TBA · wall_segment Palisade Wall x38 |
| 39:25 | Ardi-TBA · wall_segment Palisade Wall x27 |
| 39:25 | Ardi-TBA · wall_segment Palisade Wall x31 |
| 39:25 | Ardi-TBA · wall_segment Palisade Wall x42 |
| 39:26 | Ardi-TBA · wall_segment Palisade Wall x37 |
| 39:26 | Ardi-TBA · wall_segment Palisade Wall x17 |
| 39:26 | Ardi-TBA · wall_segment Palisade Wall x18 |
| 39:27 | Ardi-TBA · wall_segment Palisade Wall x16 |
| 39:27 | Ardi-TBA · wall_segment Palisade Wall x46 |
| 39:27 | Ardi-TBA · wall_segment Palisade Wall x51 |
| 39:28 | Ardi-TBA · wall_segment Palisade Wall x29 |
| 39:28 | Ardi-TBA · wall_segment Palisade Wall x10 |
| 39:28 | Ardi-TBA · wall_segment Palisade Wall x8 |
| 39:29 | Ardi-TBA · wall_segment Palisade Wall x37 |
| 39:29 | Ardi-TBA · wall_segment Palisade Wall x25 |
| 39:29 | Ardi-TBA · wall_segment Palisade Wall x24 |
| 39:29 | Ardi-TBA · wall_segment Palisade Wall x13 |
| 39:30 | Ardi-TBA · wall_segment Palisade Wall x31 |
| 39:30 | Ardi-TBA · wall_segment Palisade Wall x40 |
| 39:30 | Ardi-TBA · wall_segment Palisade Wall x39 |
| 39:30 | Ardi-TBA · wall_segment Palisade Wall x20 |
| 39:31 | Ardi-TBA · wall_segment Palisade Wall x21 |
| 39:31 | Ardi-TBA · wall_segment Palisade Wall x27 |
| 39:31 | Ardi-TBA · wall_segment Palisade Wall x49 |
| 39:32 | Ardi-TBA · wall_segment Palisade Wall x34 |
| 39:32 | Ardi-TBA · wall_segment Palisade Wall x22 |
| 41:27 | Ardi-TBA · wall_segment Stone Wall x1 |
| 41:28 | Ardi-TBA · wall_segment Stone Wall x1 |
| 41:30 | Ardi-TBA · wall_segment Stone Wall x1 |
| 41:46 | Ardi-TBA · wall_segment Stone Wall x2 |
| 41:55 | Ardi-TBA · wall_segment Palisade Wall x1 |
| 41:56 | Ardi-TBA · wall_segment Palisade Wall x1 |
| 44:12 | Ardi-TBA · first_market_sell 100 food |
| 44:49 | Abo Haydar · first_building Archery Range |
| 49:56 | DER ENERGIEBERATER · first_building Archery Range |
| 51:21 | Yannis · resign |
| 61:08 | Ardi-TBA · first_building Siege Workshop |
| 63:13 | Robert Grigoryan · first_market_sell 100 food |
| 63:27 | Robert Grigoryan · first_market_buy 100 stone |
| 67:29 | Ardi-TBA · first_building Archery Range |
| 69:18 | Meeting · first_building Siege Workshop |
| 70:33 | Robert Grigoryan · first_building Stable |
| 71:49 | Meeting · first_market_sell 100 wood |
| 71:57 | Meeting · first_market_buy 500 food |
| 84:02 | DER ENERGIEBERATER · first_building Siege Workshop |
| 86:20 | Robert Grigoryan · wall_segment Stone Wall x3 |
| 88:26 | Robert Grigoryan · tribute_sent a jugador 1 |
| 88:26 | Robert Grigoryan · tribute_sent a jugador 2 |
| 88:26 | Robert Grigoryan · tribute_sent a jugador 3 |
| 88:26 | Robert Grigoryan · tribute_sent a jugador 4 |
| 88:26 | Robert Grigoryan · tribute_sent a jugador 6 |
| 92:04 | DER ENERGIEBERATER · wall_segment Stone Wall x10 |
| 93:42 | Abo Haydar · first_building Stable |
| 94:27 | Robert Grigoryan · wall_segment Stone Wall x18 |
[ AI ANALYSIS · 1 CREDIT ]
What really happened in this match?
Wolo.gg analyzes every decision: build order, eco, micro, common mistakes by bracket. Personalized analysis on WhatsApp or Discord in 30 seconds.
Civ guide
Slavs
Perfil
Jugador #5228097